AoeStats
← akris_mejo

Arena

510074559Analyzed
1v1 RM · 4d ago on Sep 29, 2026· 67m 21s· 2 players
Game mode
Random Map
Map size
Tiny (2 player)
Population
200
Speed
Normal
Resources
Standard
Victory
Conquest
Starting age
Dark Age
Ending age
Imperial Age
RankedLock teamsTeams togetherTeam positionsShared explorationLock speedFull tech treeHidden civsTurbo modeCheats
Victory
Defeat
🇩🇪 Portuguese · Germany
681
+15
🇪🇸 Khitans · Spain
656
-15
akris_mejo
3:02 Loom
10:45 Feudal Age
18:46 Castle Age
17:26 Forging
17:16 Scale Mail Armor
23:01 Wheelbarrow
25:45 Iron Casting
25:25 Chain Mail Armor
25:23 Gold Mining
36:34 Imperial Age
34:21 Hand Cart
34:56 Lamellar Armor
36:50 Chain Mail Armor
36:39 Capped Ram
37:08 Elite Liao Dao
41:17 Conscription
40:22 Siege Ram
53:27 Double-Bit Axe
53:28 Domestication
64:25 Guilds
wwmracer1982
0:36 Loom
14:06 Feudal Age
14:41 Horse Collar
15:10 Double-Bit Axe
16:29 Wheelbarrow
21:22 Town Watch
25:04 Castle Age
22:56 Fletching
25:59 Forging
25:49 Scale Mail Armor
25:50 Padded Archer Armor
25:56 Scale Barding Armor
25:58 Stone Mining
26:57 Bow Saw
27:04 Heavy Plow
27:19 Fervor
27:26 Guard Tower
27:58 Murder Holes
29:23 Gold Mining
31:13 Hand Cart
31:31 Masonry
36:16 Imperial Age
34:31 Ballistics
34:49 Thumb Ring
34:04 Crossbowman
35:19 Gambesons
34:54 Man-at-Arms
36:31 Husbandry
36:42 Bloodlines
36:47 Bodkin Arrow
37:26 Conscription
38:32 Chemistry
39:31 Arbalester
39:31 Elite Skirmisher
39:44 Pikeman
39:44 Long Swordsman
40:50 Siege Engineers
41:40 Bracer
42:54 Iron Casting
44:18 Chain Mail Armor
44:25 Fortified Wall
44:51 Keep
44:47 Architecture
45:02 Arquebus
44:38 Two-Handed Swordsman
47:32 Plate Mail Armor
47:30 Leather Archer Armor
47:15 Cavalier
47:46 Arson
49:33 Blast Furnace
48:54 Chain Barding Armor
48:59 Elite Organ Gun
54:49 Crop Rotation
55:23 Two-Man Saw
54:48 Light Cavalry
56:17 Bombard Tower
59:32 Plate Barding Armor
64:10 Town Patrol
64:43 Ring Archer Armor
Connection lost

Rejoining the realm…

Still unreachable

The connection could not be restored.

Session expired

The server has moved on; the page needs a fresh start.